Selects Luftwaffe Battlegroup
Selects Luftwaffe Pioneer Support
Fallschirmpioneer Squad Paradrop
Fallschirmpioneer Squad Paradrop
Selects Stuka Strafing Run
Fallschirmpioneer Squad Paradrop
Construct Infanterie Kompanie
Selects Fallschirmjäger Squad Paradrop
Fallschirmjäger Squad Paradrop
Construct Panzergrenadier Kompanie
Fallschirmjäger Squad Paradrop
Construct Panzer Kompanie
Selects LG40 Recoilless Gun Paradrop
Selects Flak 36 Anti-tank Gun Emplacement
LG40 Recoilless Gun Paradrop
Fallschirmjäger Squad Paradrop